 Dungeon Crawl Stone Soup version 0.32-a0-913-g739538afd8 (webtiles) character file.

Game seed: 12768175361199317341

15477 pokeman the Eclecticist (level 12, -6/66 HPs)
             Began as a Deep Elf Hedge Wizard on Apr 10, 2024.
             Was an Elder of Vehumet.
             Shot with an arrow by a centaur warrior (18 damage)
             ... on level 11 of the Dungeon.
             The game lasted 00:32:18 (15056 turns).

pokeman the Eclecticist (Deep Elf Hedge Wizard)    Turns: 15056, Time: 00:32:19

Health: -6/66      AC: 11    Str:  7    XL:     12   Next: 1%
Magic:  25/34      EV: 12    Int: 25    God:    Vehumet [****..]
Gold:   282        SH:  5    Dex: 14    Spells: 15/43 levels left

rFire   . . .        Q - +1 dagger (venom)
rCold   . . .        (no shield)
rNeg    . . .        E - +0 steam dragon scales
rPois   +            p - +0 helmet
rElec   .            R - +0 cloak {rPois}
rCorr   .            (no gloves)
SInv    +            H - +2 pair of boots {Fly}
Will    +....        i - amulet of reflection
Stlth   ++           y - ring of see invisible
HPRegen 0.31/turn    (no ring)
MPRegen 0.24/turn

%: reflection
@: flying
A: no striking features
a: Renounce Religion


You were on level 11 of the Dungeon.
You worshipped Vehumet.
Vehumet was greatly pleased with you.
You visited 2 branches of the dungeon, and saw 12 of its levels.
You also visited: Bailey.

You collected 805 gold pieces.
You spent 523 gold pieces at shops.

Inventory:

Hand Weapons
 w - a +1 spear of pain
 Q - a +1 dagger of venom (weapon)
Missiles
 f - a throwing net
 S - 6 curare-tipped darts
Armour
 p - a +0 helmet (worn)
 E - +0 steam dragon scales (worn)
 H - a +2 pair of boots of flying (worn)
 P - +0 acid dragon scales
 R - a +0 cloak of poison resistance (worn)
Jewellery
 i - an amulet of reflection (around neck)
 o - an amulet of regeneration
 y - a ring of see invisible (left hand)
 G - a ring of flight
Wands
 m - a wand of acid (15)
 A - a wand of iceblast (18)
 F - a wand of polymorph (7)
 J - a wand of flame (9)
 K - a wand of mindburst (4)
 M - a wand of paralysis (7)
Scrolls
 h - 5 scrolls of teleportation {unknown}
 j - 4 scrolls of revelation {unknown}
 k - 8 scrolls of identify {unknown}
 l - 6 scrolls of noise {unknown}
 q - 2 scrolls of amnesia {unknown}
 r - 2 scrolls of fear {unknown}
 u - a scroll of fog {unknown}
 x - 2 scrolls of poison {unknown}
 B - a scroll of enchant weapon {unknown}
 D - 3 scrolls of immolation {unknown}
 I - a scroll of blinking {unknown}
 N - a scroll of torment {unknown}
 O - 2 scrolls of enchant armour {unknown}
Potions
 a - 2 potions of degeneration {unknown}
 b - 3 potions of invisibility {unknown}
 c - a potion of lignification {unknown}
 d - 2 potions of magic
 e - 6 potions of heal wounds
 g - 4 potions of curing {unknown}
 n - a potion of haste {unknown}
 s - a potion of might {unknown}
 t - 2 potions of attraction {unknown}
 v - 3 potions of resistance {unknown}
 z - a potion of mutation {unknown}
 C - 3 potions of enlightenment
 L - a potion of berserk rage {unknown}


   Skills:
 + Level 4.2 Fighting
 - Level 5.0 Armour
 - Level 3.1 Dodging
 - Level 3.0 Stealth
 - Level 2.0 Shields
 * Level 16.3 Spellcasting
 + Level 9.7 Conjurations
 - Level 1.1 Summonings
 - Level 1.0 Necromancy
 - Level 1.1 Translocations
 - Level 1.0 Fire Magic
 - Level 1.0 Air Magic
 + Level 9.2 Earth Magic
 - Level 1.0 Alchemy
 - Level 1.0 Evocations


You had 15 spell levels left.
You knew the following spells:

 Your Spells              Type           Power      Damage    Failure   Level
a - Magic Dart            Conj           100%       1d8       1%          1
b - Mephitic Cloud        Conj/Alch/Air  40%        N/A       1%          3
c - Call Imp              Summ           52%        N/A       2%          2
d - Blink                 Tloc           52%        N/A       2%          2
e - Stone Arrow           Conj/Erth      100%       3d13      1%          3
f - Iskenderun's Battles  Conj           62%        2d11      1%          5
g - Orb of Destruction    Conj           31%        9d10      11%         7
h - Fireball              Conj/Fire      23%        3d11      2%          5

Your spell library contained the following spells:

 Spells                   Type           Power      Damage    Failure   Level
 Frozen Ramparts          Ice            40%        1d7       2%          3
 Sandblast                Erth           100%       2d20      1%          1
 Searing Ray              Conj           100%       2d8       1%          2
 Brom's Barrelling Bould  Conj/Erth      61%        2d8       1%          4
 Fulminant Prism          Conj/Alch      23%        3d12      1%          4
 Slow                     Hex            80%        N/A       2%          1
 Cigotuvi's Dreadful Rot  Necr/Alch/Air  50%        N/A       2%          2
 Conjure Ball Lightning   Conj/Air       23%        3x3d6     12%         6
 Passage of Golubria      Tloc           26%        N/A       16%         4
 Gell's Gavotte           Tloc           13%        2d(17-25) 94%         6


Dungeon Overview and Level Annotations

Branches:
Dungeon (11/15)            Temple (1/1) D:5            Lair (0/5) D:10
    Orc (0/2) D:11         Bailey (visited)

Altars:
Ashenzari
Cheibriados
Dithmenos
Elyvilon
Fedhas
Gozag
Hepliaklqana
Kikubaaqudgha
Makhleb
Nemelex Xobeh
Okawaru
Qazlal
Ru
Sif Muna
Trog
Uskayaw
Vehumet
Wu Jian
Xom
Yredelemnul
Zin
The Shining One

Shops:
D:1 *   D:6 *[*(   D:7 [

Annotations:
D:10 2 transporters, nobo's ghost, journeyman DsFE


Message History

There is an open door here.
D - 3 scrolls labelled ZOCSOI SICO (gained 1)
There is an open door here.
There is an open door here.
A centaur warrior comes into view.
The centaur warrior wields a +0 orcbow.
The centaur warrior shoots an arrow.
The arrow hits you!
Casting: Magic Dart (safe; 1% risk of failure)
Confirm with . or Enter, or press ? or * to list all spells.
Aiming: Mephitic Cloud (safe; 1% risk of failure)
Press: ? - help, Shift-Dir - straight line, f - centaur warrior
Aim: a centaur warrior, wielding a +0 orcbow (chance to affect: 53%)
The ball explodes into a vile cloud!
The stinking cloud engulfs the centaur warrior.
You hear an angry buzzing noise. x3
The centaur warrior is engulfed in noxious fumes.
The centaur warrior shoots an arrow.
The arrow hits you!
Unknown command.
Casting: Mephitic Cloud (safe; 1% risk of failure)
Confirm with . or Enter, or press ? or * to list all spells.
Aiming: Stone Arrow (safe; 1% risk of failure)
Press: ? - help, Shift-Dir - straight line, f/p - centaur warrior
Aim: a centaur warrior, wielding a +0 orcbow (noxious fumes, 84% to hit)
The stone arrow hits the centaur warrior!!
The centaur warrior is moderately wounded.
The centaur warrior is engulfed in noxious fumes.
The centaur warrior shoots an arrow.
The arrow hits you!
The centaur warrior is engulfed in noxious fumes.
The centaur warrior shoots an arrow.
The arrow hits you!!
* * * LOW HITPOINT WARNING * * *
Casting: Stone Arrow (safe; 1% risk of failure)
Confirm with . or Enter, or press ? or * to list all spells.
Aiming: Stone Arrow (safe; 1% risk of failure)
Press: ? - help, Shift-Dir - straight line, f/p - centaur warrior
Aim: a centaur warrior, wielding a +0 orcbow (noxious fumes, moderately wounded, 84% to hit)
The stone arrow hits the centaur warrior!
The centaur warrior is heavily wounded.
The centaur warrior is engulfed in noxious fumes.
The centaur warrior shoots an arrow.
The arrow hits you!!
You die...

.#'#...#'# #...........#.#'# .
###.......#####.......#####.###
#...........#.#'#...#'#........
#.........###)'#####..........
+.........'.)...'.............
##
#.......##...).##############
.# #.......###....#....
.#..####'####...........
.#..............@..###
.##########'#####'##
.+.......#......#...
##.......#......#..##
.........#......#..§
.........#......#..§c
.........#......#..§§.
#######################


You could see a centaur warrior.

Vanquished Creatures
  4 two-headed ogres
  Erica (D:9)
  The ghost of asd2613 the Cleaver, a novice MDFi of Vehumet (D:9)
  An orc knight (Bailey)
  Pikel (D:6)
  A manticore (D:11)
  A gargoyle (D:11)
  A rime drake (D:10)
  Maggie (D:7)
  An unseen horror (D:10)
  A hornet (D:8)
  2 polar bears (D:10)
  The ghost of jkt the Covert, a novice SpEn (D:5)
  3 trolls
  Sigmund (D:6)
  A shadow (D:9)
  2 wyverns
  A vampire (D:9)
  A wraith (D:11)
  10 yaks
  A steam dragon (D:9)
  2 acid dragons
  Duvessa (D:6)
  5 orc warriors
  8 ice beasts
  5 black bears
  2 ogres (D:5)
  2 wolves (D:10)
  A centaur (D:9)
  16 kobold brigands
  2 lemures (D:6)
  Blork the orc (D:5)
  A phantom (D:4)
  3 bullfrogs
  A gnoll sergeant (D:7)
  A scorpion (D:6)
  10 wights
  Dowan (D:6)
  5 killer bees (D:10)
  2 howler monkeys (D:8)
  2 bombardier beetles
  4 orc priests
  A hound (D:4)
  4 iguanas
  2 sleepcaps (D:6)
  12 orc wizards
  6 gnolls
  6 adders
  4 ufetubi
  3 dart slugs
  3 ribbon worms
  45 orcs
  4 ball pythons
  6 bats
  5 endoplasms
  6 giant cockroaches
  15 goblins
  13 hobgoblins
  4 jackals (D:4)
  6 quokkas
  40 kobolds
  6 rats
303 creatures vanquished.

Vanquished Creatures (collateral kills)
  A gnoll (D:2)
  3 ribbon worms
  3 orcs
  A kobold (D:2)
8 creatures vanquished.

Grand Total: 311 creatures vanquished

Notes
Turn   | Place    | Note
-------+----------+-------------------------------------------
     0 | D:1      | pokeman the Deep Elf Hedge Wizard began the quest for the
                  | Orb.
     0 | D:1      | Reached XP level 1. HP: 10/10 MP: 7/7
     0 | D:1      | Noticed an iron dragon
     0 | D:1      | Noticed a tentacled monstrosity
     1 | D:1      | Noticed a tentacled monstrosity
     2 | D:1      | Noticed an orb of fire
     4 | D:1      | Noticed an orb of fire
     4 | D:1      | Noticed an iron dragon
     7 | D:1      | Noticed an iron dragon
     8 | D:1      | Noticed a black draconian
     9 | D:1      | Noticed an orb of fire
    11 | D:1      | Noticed an ice dragon
    11 | D:1      | Noticed an orb of fire
    13 | D:1      | Noticed an orb of fire
    13 | D:1      | Noticed a red draconian
    15 | D:1      | Noticed an orb of fire
    15 | D:1      | Noticed an orb of fire
    17 | D:1      | Noticed a shadow dragon
    17 | D:1      | Noticed an iron dragon
    17 | D:1      | Noticed a tentacled monstrosity
    19 | D:1      | Noticed an iron dragon
   178 | D:1      | Found Fog Gal's Assorted Antiques.
   232 | D:1      | Reached XP level 2. HP: 12/16 MP: 4/9
   700 | D:1      | Reached skill level 5 in Spellcasting
  1118 | D:2      | Found a faded altar of an unknown god.
  1169 | D:2      | Reached XP level 3. HP: 20/20 MP: 7/11
  1174 | D:2      | Learned a level 3 spell: Mephitic Cloud
  1177 | D:2      | Learned a level 2 spell: Call Imp
  1180 | D:2      | Learned a level 2 spell: Blink
  1409 | D:2      | Reached skill level 1 in Armour
  1412 | D:2      | Reached skill level 1 in Fighting
  1418 | D:2      | Reached XP level 4. HP: 13/25 MP: 2/13
  2520 | D:3      | HP: 1/25 [orc/+0 hand axe (7)]
  2626 | D:3      | Reached skill level 6 in Spellcasting
  2626 | D:3      | Reached XP level 5. HP: 28/29 MP: 8/15
  3058 | D:3      | Learned a level 3 spell: Stone Arrow
  3773 | D:4      | Reached skill level 1 in Air Magic
  3790 | D:4      | Reached skill level 1 in Alchemy
  3907 | D:4      | Reached skill level 1 in Earth Magic
  3907 | D:4      | Reached XP level 6. HP: 34/34 MP: 7/17
  4256 | D:4      | Reached skill level 1 in Evocations
  4532 | D:4      | Reached skill level 7 in Spellcasting
  4861 | D:5      | Entered Level 5 of the Dungeon
  4897 | D:5      | Found a transporter.
  4900 | D:5      | Noticed jkt's ghost (novice SpEn)
  4900 | D:5      | Noticed an ice beast
  4905 | D:5      | Killed an ice beast
  4982 | D:5      | Found a transporter.
  5132 | D:5      | Reached XP level 7. HP: 38/38 MP: 16/20
  5285 | D:5      | Found a staircase to the Ecumenical Temple.
  5311 | D:5      | Noticed Blork the orc
  5313 | Temple   | Found a transporter.
  5313 | Temple   | Found a transporter.
  5313 | Temple   | Found a transporter.
  5313 | Temple   | Found a transporter.
  5313 | Temple   | Entered the Ecumenical Temple
  5334 | Temple   | Became a worshipper of Vehumet
  5359 | D:5      | Killed Blork the orc
  5360 | D:5      | Reached skill level 8 in Spellcasting
  6020 | D:6      | Found Mixosott's Antique Weapon Shop.
  6087 | D:6      | Reached skill level 1 in Necromancy
  6324 | D:6      | Noticed Sigmund
  6332 | D:6      | Killed Sigmund
  6333 | D:6      | Reached skill level 9 in Spellcasting
  6333 | D:6      | Reached XP level 8. HP: 38/44 MP: 4/23
  6453 | D:6      | Identified the +0 pair of boots of Urhaxi {Harm Fly}
  6486 | D:6      | Noticed Pikel
  6505 | D:6      | Killed Pikel
  6506 | D:6      | Reached skill level 5 in Conjurations
  6654 | D:6      | Found Ritik's Armour Boutique.
  6667 | D:6      | Reached skill level 10 in Spellcasting
  6812 | D:6      | Found Ugitworr's General Store.
  6815 | D:6      | Bought a potion of heal wounds for 50 gold pieces
  6843 | D:6      | You are sucked into a shaft and drop 1 floor!
  6923 | D:7      | Noticed a two-headed ogre
  7000 | D:7      | Killed a two-headed ogre
  7001 | D:7      | Reached skill level 11 in Spellcasting
  7001 | D:7      | Reached skill level 5 in Earth Magic
  7001 | D:7      | Reached XP level 9. HP: 48/48 MP: 12/26
  7595 | D:6      | Found Otwuw's General Store.
  7598 | D:6      | Bought a potion of heal wounds for 55 gold pieces
  7661 | D:6      | Noticed Duvessa
  7662 | D:6      | Noticed Dowan
  7666 | D:6      | Killed Dowan
  7666 | D:6      | Reached * piety under Vehumet
  7666 | D:6      | Offered knowledge of Freeze by Vehumet.
  7669 | D:6      | Killed Duvessa
  7775 | D:7      | Noticed Maggie
  7780 | D:6      | Reached skill level 1 in Shields
  7960 | D:7      | Found Yxempeb's Antique Armour Shoppe.
  8190 | D:7      | Killed Maggie
  8191 | D:7      | Reached skill level 12 in Spellcasting
  8818 | D:7      | Found a bloodstained altar of Trog.
  8818 | D:7      | Found a snail-covered altar of Cheibriados.
  8818 | D:7      | Found an ornate altar of the Wu Jian Council.
  8927 | D:8      | Reached XP level 10. HP: 43/54 MP: 15/28
  8934 | D:8      | Reached ** piety under Vehumet
  8934 | D:8      | Offered knowledge of Foxfire by Vehumet.
  9626 | D:8      | Found a basalt altar of Yredelemnul.
  9673 | D:8      | Reached skill level 13 in Spellcasting
  9836 | D:9      | Noticed Erica
  9843 | D:9      | Killed Erica
  9876 | D:9      | Noticed asd2613's ghost (novice MDFi)
  9878 | D:9      | Found a runed translucent door.
  9893 | D:9      | Noticed a two-headed ogre
  9899 | D:9      | Killed a two-headed ogre
  9961 | D:9      | Noticed a two-headed ogre
  9979 | D:9      | Killed a two-headed ogre
  9980 | D:9      | Reached skill level 14 in Spellcasting
 10112 | D:9      | Found a flagged portal.
 10115 | D:9      | Offered knowledge of Dazzling Flash by Vehumet.
 10125 | Bailey   | Entered a bailey
 10204 | Bailey   | Identified the +8 chain mail "Ferphul" {rF+}
 10297 | Bailey   | Reached *** piety under Vehumet
 10365 | Bailey   | Noticed an orc knight
 10397 | Bailey   | Killed an orc knight
 10398 | Bailey   | Reached XP level 11. HP: 61/61 MP: 19/31
 10633 | Bailey   | Got the Encyclopedia of the Vertex
 11355 | D:9      | Killed asd2613's ghost
 11463 | D:10     | Entered Level 10 of the Dungeon
 11604 | D:10     | Offered knowledge of Volatile Blastmotes by Vehumet.
 11613 | D:10     | Reached skill level 15 in Spellcasting
 11785 | D:10     | Found a transporter.
 12137 | D:10     | Found a staircase to the Lair.
 12846 | D:10     | Noticed a two-headed ogre
 12861 | D:10     | Killed a two-headed ogre
 12894 | D:10     | Found a burning altar of Makhleb.
 12911 | D:10     | Found a transporter.
 12926 | D:10     | Noticed nobo's ghost (journeyman DsFE)
 13088 | D:10     | Reached **** piety under Vehumet
 13748 | D:1      | Bought a scroll labelled BAUHACVOCERGH for 23 gold pieces
 13748 | D:1      | Bought a scroll labelled IDWAKH TENIXUM for 23 gold pieces
 13748 | D:1      | Bought a scroll labelled QECOXZ MYALEF for 23 gold pieces
 13748 | D:1      | Bought a scroll labelled FODEUT YSHEEF for 23 gold pieces
 13748 | D:1      | Bought a potion of magic for 184 gold pieces
 13748 | D:1      | Bought a scroll labelled ESAILE POHUYG for 23 gold pieces
 13832 | D:6      | Bought a +0 cloak of poison resistance for 119 gold pieces
 13889 | D:5      | Killed jkt's ghost
 14101 | D:11     | Found a staircase to the Orcish Mines.
 14145 | D:11     | Reached skill level 16 in Spellcasting
 14220 | D:11     | Learned a level 5 spell: Iskenderun's Battlesphere
 14228 | D:11     | Learned a level 7 spell: Orb of Destruction
 14234 | D:11     | Learned a level 5 spell: Fireball
 14344 | D:11     | Reached skill level 5 in Armour
 14471 | D:11     | Reached skill level 1 in Fire Magic
 14476 | D:11     | Offered knowledge of Frozen Ramparts by Vehumet.
 14782 | D:11     | Reached XP level 12. HP: 41/66 MP: 23/34
 14816 | D:11     | Identified the +1 trident of Avek {spect, rCorr Int+2 Dex-5
                  | Stlth+}
 15053 | D:11     | Noticed a centaur warrior
 15056 | D:11     | Shot with an arrow by a centaur warrior

Illustrated notes

Levels and vault maps discovered:
D:1:      shiori_arrival_whats_in_store_for_you, layout_rooms, serial_shops,
          nicolae_shop_crystal
D:2:      layout_loops_corners, chequers_ecumenical_altar_lobes
D:3:      layout_loops_ring
D:4:      layout_basic, minivault_26
D:5:      layout_loops_ring, temple_pool_b, gammafunk_ghost_smash,
          uniq_blork_the_orc
D:6:      layout_cave_pods, serial_shops, nicolae_shop_real_fake_doors,
          nicolae_shop_behind_doors, shop, nicolae_stop_n_shop_1, uniq_duvessa,
          uniq_sigmund, uniq_pikel
D:7:      layout_loops_cross, grunt_temple_overflow_open, serial_shops,
          nicolae_shop_rolling_square, roderic_roman_lattice, uniq_maggie
D:8:      layout_basic, mainiacjoe_overflow_alcove_2
D:9:      layout_irregular_city, enter_bailey_5, hellmonk_ghost_happy_afterlife,
          uniq_erica
D:10:     layout_layer_cave, mainiacjoe_overflow_alcove_4,
          hellmonk_lair_entry_icy, gammafunk_ghost_stat_death,
          hangedman_decor_clover_reticule, columned_hall_lemuel, minmay_orc_keep
D:11:     nicolae_cairo_tiling_very_big, layout_grid_maze, special_room
          [special_room_kobold]
Temple:   hellmonk_temple_divided_pantheon

Skill      XL: |  1  2  3  4  5  6  7  8  9 10 11 |
---------------+----------------------------------+-----
Spellcasting   | 5 6 7 9 11 12 14 16 | 16.3
Armour         | 1 2 3 5 |  5.0
Fighting       | 1 2 4 |  4.2
Conjurations   | 2 3 4 6 7 8 9 |  9.7
Dodging        | 3 |  3.1
Stealth        | 3 |  3.0
Air Magic      | 1 |  1.0
Alchemy        | 1 |  1.0
Earth Magic    | 1 2 3 5 6 7 9 |  9.2
Evocations     | 1 |  1.0
Necromancy     | 1 |  1.0
Shields        | 2 |  2.0
Fire Magic     | 1 |  1.0
Summonings     | |  1.1
Translocations | |  1.1

Action                     |  1- 3 |  4- 6 |  7- 9 | 10-12 || total
---------------------------+-------+-------+-------+-------++-------
  Melee: Dagger            |    23 |    71 |       |    12 ||   106
         Mace              |       |       |    22 |     7 ||    29
         Scimitar          |       |       |       |    24 ||    24
   Cast: Magic Dart        |    74 |   165 |    52 |    81 ||   372
         Mephitic Cloud    |     2 |     9 |     5 |    22 ||    38
         Call Imp          |     2 |     4 |       |     1 ||     7
         Stone Arrow       |       |    11 |    94 |   191 ||   296
         Blink             |       |       |       |     1 ||     1
  Evoke: Wand              |       |       |     1 |       ||     1
   Stab: Confused          |     3 |     5 |       |     2 ||    10
 Armour: Robe              |     7 |    54 |    42 |       ||   103
         Steam dragon scal |       |       |     3 |    58 ||    61
  Dodge: Dodged            |    12 |    48 |    33 |    54 ||   147
  Block: Other             |       |    16 |    11 |    17 ||    44
         Reflection        |       |     1 |       |     3 ||     4

Table legend: (Time is in decaauts)
 A = Elapsed time spent in this place.
 B = Non-inter-level travel time spent in this place.
 C = Inter-level travel time spent in this place.
 D = Time resting spent in this place.
 E = Time spent auto-exploring this place.
 F = Levels seen in this place.
 G = Mean time per level.
                   A        B        C        D        E       F      G
               +--------+--------+--------+--------+--------+-----+--------+
         Total |  15096 |  14369 |    727 |    507 |  11640 |  13 | 1161.2 |
       Dungeon |  14344 |  13626 |    718 |    507 |  11124 |  11 | 1304.0 |
        Temple |     35 |     26 |      9 |      0 |      0 |   1 |   35.0 |
        Bailey |    716 |    716 |      0 |      0 |    516 |   1 |  716.0 |
               +--------+--------+--------+--------+--------+-----+--------+

Top non-repeatable levels by time:
    D:10: 2107 daAuts
     D:2: 1806 daAuts
     D:6: 1563 daAuts
     D:7: 1537 daAuts
     D:5: 1318 daAuts
     D:4: 1237 daAuts
     D:1: 1036 daAuts
     D:9: 985 daAuts
    D:11: 960 daAuts
     D:3: 940 daAuts
     D:8: 848 daAuts
  Bailey: 716 daAuts
  Temple: 35 daAuts
